 Dungeon Crawl Stone Soup version 0.27-a0-550-ge92ec0ca06 (webtiles) character file.

Game seed: 10767820826080923744

30 Anon1729 the Gusty (level 2, -2/20 HPs)
             Began as a Demigod Air Elementalist on Mar 7, 2021.
             Slain by a worm (7 damage)
             ... on level 1 of the Dungeon.
             The game lasted 00:01:34 (1136 turns).

Anon1729 the Gusty (Demigod Air Elementalist)       Turns: 1136, Time: 00:01:34

Health: -2/20      AC:  4    Str:  9    XL:     2   Next: 87%
Magic:  7/7        EV: 12    Int: 17    God:
Gold:   21         SH:  0    Dex: 14    Spells: 4/5 levels left

rFire    . . .     SeeInvis .   g - +3 whip
rCold    . . .     Faith    .   (no shield)
rNeg     . . .     Spirit   .   a - +0 robe
rPois    .         Reflect  .   b - +0 helmet
rElec    .         Harm     .   h - +0 cloak
rCorr    .         Rampage  .   (no gloves)
Will     .....                  (no boots)
Stlth    ++........             (no amulet)
HPRegen  0.06/turn              (no ring)
MPRegen  0.10/turn              (no ring)

@: no status effects
A: high mp 1, forlorn
a: no special abilities


You were on level 1 of the Dungeon.
You visited 1 branch of the dungeon, and saw 2 of its levels.

You collected 21 gold pieces.

Inventory:

Hand Weapons
 g - a +3 whip (weapon)
Missiles
 c - 11 poisoned darts
Armour
 a - a +0 robe (worn)
 b - a +0 helmet (worn)
 h - a +0 cloak (worn)
Scrolls
 d - a scroll of enchant armour {unknown}
 i - a scroll of teleportation {unknown}
Potions
 e - 2 potions of berserk rage {unknown}
 f - a potion of curing {unknown}


   Skills:
 - Level 2.0 Dodging
 - Level 2.0 Stealth
 + Level 2.1 Spellcasting
 + Level 1.4 Conjurations
 * Level 3.1 Air Magic


You had 4 spell levels left.
You knew the following spells:

 Your Spells              Type           Power      Damage    Failure   Level
a - Shock                 Conj/Air       36%        1d5       8%          1

Your spell library contained the following spells:

 Spells                   Type           Power      Damage    Failure   Level
 Swiftness                Air            12%        N/A       8%          2
 Static Discharge         Conj/Air       9%         N/A       22%         3
 Airstrike                Air            6%         N/A       45%         4
 Lightning Bolt           Conj/Air       4%         1d16      91%         5


Dungeon Overview and Level Annotations

Branches:
Dungeon (2/15)


Innate Abilities, Weirdness & Mutations

Your attributes grow dramatically as you level up.
You have an increased reservoir of magic. (+10% MP)
You shall have no god before yourself.


Message History

A worm comes into view.
The adder closely misses you.
Things that are here:
a +0 dagger; 2 stones
Casting: Shock (safe; 8% risk of failure)
Confirm with . or Enter, or press ? or * to list all spells.
Aiming: Shock (safe; 8% risk of failure)
Press: ? - help, Shift-Dir - straight line The zap misses the adder.
The zap hits the adder.
The adder is heavily wounded.
The adder closely misses you.
Casting: Shock (safe; 8% risk of failure)
Confirm with . or Enter, or press ? or * to list all spells.
Aiming: Shock (safe; 8% risk of failure)
Press: ? - help, Shift-Dir - straight line The zap hits the adder.
The adder is severely wounded.
The zap hits the adder.
The adder is almost dead.
The adder bites you but does no damage. x2
Casting: Shock (safe; 8% risk of failure)
Confirm with . or Enter, or press ? or * to list all spells.
Aiming: Shock (safe; 8% risk of failure)
Press: ? - help, Shift-Dir - straight line The zap misses the adder.
The zap hits the adder.
You kill the adder!
There is a stone staircase leading up here.
You climb upwards.
There is a stone staircase leading down here.
You start resting.
Magic restored.
You climb downwards.
The worm closely misses you. The worm bites you.
There is a stone staircase leading up, spattered with blood here.
The worm bites you.
You climb upwards.
There is a stone staircase leading down here.
The worm bites you.
* * * LOW HITPOINT WARNING * * *
The worm bites you!
You die...

.......#.......#.# #....##.#
.......#..######.#
#.##.##.######
.....†##..##.....#
#.##.##.......
...........#.#####
#.##.##.##.... ......##...#.#
#.##.##.##.... ##########.#.#
#####.......###.##
##...........#
#>w.........###...
........##.###
#.w..............#
........##.#
###@........#......#
........##.#
#...........#......#
.......)...#
#.#.................
...........#
#.#.#######.#.######
####.......# #.#.# #.#.......
#######.# #.#.#### #.#.######
######.###.#....####.#######
#..........#.........##....#
#.......#..........####.§§.##


You could see 2 worms.

Vanquished Creatures
  An adder (D:2)
  2 dart slugs (D:1)
  A giant cockroach (D:1)
  3 goblins (D:1)
  A hobgoblin (D:1)
  2 jackals (D:1)
  2 frilled lizards (D:1)
  4 kobolds
  2 rats (D:1)
18 creatures vanquished.

Notes
Turn   | Place    | Note
-------+----------+-------------------------------------------
     0 | D:1      | Anon1729 the Demigod Air Elementalist began the quest for
                  | the Orb.
     0 | D:1      | Reached XP level 1. HP: 14/14 MP: 5/5
   103 | D:1      | Reached skill level 1 in Conjurations
   677 | D:1      | Reached XP level 2. HP: 20/20 MP: 2/7
   990 | D:1      | Reached skill level 3 in Air Magic
  1136 | D:1      | Slain by a worm

Illustrated notes

Levels and vault maps discovered:
D:1:      lightli_arrival_lavapool, layout_basic, minivault_19
D:2:      layout_loops_ring, chequers_ecumenical_altar_simple_redux,
          serial_bayou_lagoon_a

Skill      XL: |  1  2 |
---------------+-------+-----
Conjurations   | 1 |  1.4
Stealth        | 2 |  2.0
Dodging        | 2 |  2.0
Spellcasting   | 2 |  2.1
Air Magic      | 3 |  3.1

Action                   || total
-------------------------++-------
Melee: Unarmed           ||     1
 Cast: Shock             ||    41
Armor: Robe              ||     3
Dodge: Dodged            ||     7

Table legend: (Time is in decaauts)
 A = Elapsed time spent in this place.
 B = Non-inter-level travel time spent in this place.
 C = Inter-level travel time spent in this place.
 D = Time resting spent in this place.
 E = Time spent auto-exploring this place.
 F = Levels seen in this place.
 G = Mean time per level.
                   A        B        C        D        E       F      G
               +--------+--------+--------+--------+--------+-----+--------+
         Total |   1136 |   1114 |     22 |    100 |    907 |   2 |  568.0 |
       Dungeon |   1136 |   1114 |     22 |    100 |    907 |   2 |  568.0 |
               +--------+--------+--------+--------+--------+-----+--------+

Top non-repeatable levels by time:
     D:1: 1123 daAuts
     D:2: 13 daAuts
